 Dungeon Crawl Stone Soup version 0.21.1-1-g345015f (webtiles) character file.

60 infcreate the Shield-Bearer (level 3, -12/33 HPs)
             Began as a Minotaur Fighter on May 18, 2018.
             Killed by nerve-wracking pain
             ... invoked by Grinder
              (13 damage)
             ... on level 3 of the Dungeon.
             The game lasted 00:08:47 (1740 turns).

infcreate the Shield-Bearer (Minotaur Fighter)      Turns: 1740, Time: 00:08:48

Health: -12/33     AC:  8    Str: 21    XL:     3   Next: 82%
Magic:  2/2        EV:  7    Int:  5    God:
Gold:   135        SH:  9    Dex:  9    Spells: 2/2 levels left

rFire    . . .     SeeInvis .   a - +0 war axe
rCold    . . .     Gourm    .   c - +0 shield
rNeg     . . .     Faith    .   b - +0 scale mail
rPois    .         Spirit   .   (helmet restricted)
rElec    .         Reflect  .   (no cloak)
rCorr    .         Harm     .   l - +0 pair of gloves
MR       .....                  (no boots)
Stlth    ..........             (no amulet)
HPRegen  0.11/turn              (no ring)
MPRegen  0.08/turn              (no ring)

@: no status effects
A: retaliatory headbutt, horns 2
a: no special abilities


You were on level 3 of the Dungeon.
You were hungry.

You visited 1 branch of the dungeon, and saw 3 of its levels.

You collected 135 gold pieces.

Inventory:

Hand Weapons
 a - a +0 war axe (weapon)
Armour
 b - a +0 scale mail (worn)
 c - a +0 shield (worn)
 l - a +0 pair of gloves (worn)
Jewellery
 i - an uncursed ring of protection from cold {unknown}
 n - a +4 ring of strength {unknown}
Scrolls
 g - a scroll of enchant armour {unknown}
 k - 2 scrolls of fog {unknown}
 m - a scroll of noise {unknown}
Potions
 d - a potion of might
 e - a potion of mutation {unknown}
 h - a potion of lignification {unknown}
 j - a potion of ambrosia {unknown}
 o - a potion of invisibility {unknown}
 p - a potion of heal wounds {unknown}
Comestibles
 f - 4 rations


   Skills:
 + Level 4.0 Fighting
 + Level 3.1 Axes
 + Level 4.1 Armour
 + Level 0.3 Dodging
 + Level 4.7 Shields


You had 2 spell levels left.
You didn't know any spells.

Dungeon Overview and Level Annotations

Branches:
Dungeon (3/15)

Altars:
Elyvilon
Nemelex Xobeh
Zin
The Shining One

Annotations:
D:3 Grinder


Innate Abilities, Weirdness & Mutations

You reflexively headbutt those who attack you in melee.
You have a pair of horns on your head.


Message History

You are too injured to fight recklessly!
Your shield and scale mail prevent you from hitting Grinder.
Grinder hits you.
* * * LOW HITPOINT WARNING * * *
You writhe in agony.
* * * LOW HITPOINT WARNING * * *
Unknown command.
You closely miss Grinder. You block Grinder's attack.
You slash Grinder! You headbutt Grinder, but do no damage.
Grinder is lightly wounded.
You block Grinder's attack. Grinder hits you.
* * * LOW HITPOINT WARNING * * *
You hit Grinder. Your headbutt misses Grinder.
Grinder is moderately wounded.
Grinder hits you but does no damage.
You closely miss Grinder.
Grinder is moderately wounded.
Grinder gestures at you. Pain shoots through your body!
You die...

#.
.##.#
..
.##.#
#.#
#.#
#.#
#.#
#.#
#.#
#@#
#5#
#.#
#.#
..#
###


You could see Grinder.

Vanquished Creatures
  An adder (D:3)
  An ooze (D:1)
  2 leopard geckos (D:1)
  4 giant cockroaches
  6 goblins
  4 hobgoblins (D:1)
  5 jackals
  6 bats
  2 frilled lizards (D:1)
  3 kobolds (D:1)
  8 rats
42 creatures vanquished.

Notes
Turn   | Place    | Note
-------+----------+-------------------------------------------
     0 | D:1      | infcreate the Minotaur Fighter began the quest for the Orb.
     0 | D:1      | Reached XP level 1. HP: 19/19 MP: 0/0
    44 | D:1      | Reached XP level 2. HP: 21/27 MP: 1/1
   555 | D:1      | Reached XP level 3. HP: 32/33 MP: 2/2
  1338 | D:2      | Found a glowing golden altar of the Shining One.
  1338 | D:2      | Found a glowing silver altar of Zin.
  1338 | D:2      | Found a white marble altar of Elyvilon.
  1605 | D:2      | Found a sparkling altar of Nemelex Xobeh.
  1731 | D:3      | Noticed Grinder
  1738 | D:3      | HP: 1/33 [Grinder (3)]
  1740 | D:3      | Killed from afar by Grinder

Skill      XL: |  1  2  3 |
---------------+----------+-----
Shields        | 4 |  4.7
Armour         | 4 |  4.1
Axes           | 3 |  3.1
Fighting       | 4 |  4.0
Dodging        | |  0.3

Action                   || total
-------------------------++-------
Melee: War axe           ||   100
       Headbutt          ||    12
  Eat: Chunk             ||     2
Armor: Scale mail        ||    58
Dodge: Dodged            ||    48
Block: Shield            ||    74
